 Dungeon Crawl Stone Soup version 0.16.0-12-g7215832 (webtiles) character file.

27612 maniek23 the Unseen (level 13, 0/88 HPs)
             Began as a Vampire Enchanter on Mar 18, 2015.
             Was a High Priest of Kikubaaqudgha.
             Slain by a raven (9 damage)
             ... led by a tengu warrior
             ... on level 11 of the Dungeon.
             The game lasted 02:57:20 (19196 turns).

maniek23 the Unseen (Vampire Enchanter)            Turns: 19196, Time: 02:57:21

Health: 0/88       AC: -15   Str:  4    XL:     13   Next: 5%
Magic:  1/27       EV: 30    Int: 18    God:    Kikubaaqudgha [*****.]
Gold:   1504       SH:  0    Dex: 20    Spells: 7 memorised, 10 levels left

rFire  . . .     SeeInvis +     X - melded +2 dagger (vamp)
rCold  + + .     Clarity  .     m - melded +0 mottled dragon armour
rNeg   + + +     SustAb   .     (shield currently unavailable)
rPois  +         Gourm    .     B - melded +1 helmet
rElec  .         Spirit   .     n - melded +2 cloak
rCorr  .         Warding  .     (gloves currently unavailable)
rMut   .         Stasis   .     (boots currently unavailable)
MR     +....                    (no amulet)
Stlth  ++++++++..               q - melded +3 ring of strength
                                y - melded ring of teleport control

@: bat-form, corroded equipment, flying, regenerating slowly, very quick,
somewhat resistant to hostile enchantments, extraordinarily stealthy
A: bottle blood, (fangs 0), see invisible, low mp 1, (unbreathing)
a: End Transformation, Receive Corpses, Torment, Renounce Religion


You were on level 11 of the Dungeon.
You worshipped Kikubaaqudgha.
Kikubaaqudgha was extremely pleased with you.
You were near bloodless.
You were in vampire-bat-form.
You visited 3 branches of the dungeon, and saw 17 of its levels.

You collected 2487 gold pieces.
You spent 983 gold pieces at shops.

Inventory:

Hand weapons
 j - a +0 arbalest
 x - a +2 hand axe of electrocution
 G - a +3 dagger of pain
 X - a +2 vampiric dagger (melded)
 Y - a +2 dagger of distortion
Missiles
 i - 13 bolts
 E - 3 javelins (quivered)
 H - 30 poisoned arrows
 K - 12 tomahawks
Armour
 m - a +0 mottled dragon armour (melded)
 n - a +2 cloak (melded)
 w - a +2 robe of magic resistance
 B - a +1 helmet (melded)
 D - a +0 ring mail of poison resistance
 N - a +2 ring mail of magic resistance
 O - a +3 chain mail of magic resistance
 W - a +2 leather armour of fire resistance
 Z - a +0 ring mail
Jewellery
 h - an uncursed ring of protection from cold
 q - a +3 ring of strength (melded)
 y - a ring of teleport control (melded)
 P - an uncursed ring of fire
Magical devices
 M - a wand of fire (4)
 S - a wand of digging (11)
 U - a wand of digging (9)
Scrolls
 e - 5 scrolls of remove curse
 f - 5 scrolls of teleportation
 g - 2 scrolls of recharging
 l - a scroll of immolation
 r - 2 scrolls of magic mapping
 s - 2 scrolls of amnesia
 t - 2 scrolls of fog
 u - 2 scrolls of enchant weapon
 v - a scroll of torment
 V - 2 scrolls of identify
Potions
 a - 3 potions of curing
 d - 9 potions of blood
 k - a potion of brilliance
 o - a potion of cure mutation
 p - 3 potions of invisibility
 z - a potion of berserk rage
 A - 2 potions of magic
 C - a potion of cancellation
 F - 2 potions of lignification
 I - 2 potions of heal wounds
 T - 2 potions of might
Books
 c - a book of Maledictions

   Spells                             Type                      Level
   a - Corona                         Hexes                        1
   b - Sure Blade                     Hexes/Charms                 2
   c - Ensorcelled Hibernation        Hexes/Ice                    2
   d - Confuse                        Hexes                        3
   e - Dazzling Spray                 Conjuration/Hexes            3
   f - Enslavement                    Hexes                        4
 J - Kikubaaqudgha's Collected Works on Sinister Rites
   (Kikubaaqudgha gifted it to you on level 6 of the Dungeon)

   Spells                             Type                      Level
   a - Animate Skeleton               Necromancy                   1
   b - Corpse Rot                     Necromancy                   2
   c - Sublimation of Blood           Necromancy                   2
   d - Vampiric Draining              Necromancy                   3
   e - Control Undead                 Necromancy                   4
 L - a book of Party Tricks

   Spells                             Type                      Level
   a - Summon Butterflies             Summoning                    1
   b - Apportation                    Translocation                1
   c - Tukima's Dance                 Hexes                        3
   d - Alistair's Intoxication        Transmutation/Poison         4
   e - Invisibility                   Hexes                        6
 Q - Kikubaaqudgha's Compendium of Stolen Souls
   (Kikubaaqudgha gifted it to you on level 8 of the Dungeon)

   Spells                             Type                      Level
   a - Animate Dead                   Necromancy                   4
   b - Bolt of Draining               Conjuration/Necromancy       5
   c - Agony                          Necromancy                   5
   d - Cigotuvi's Embrace             Necromancy                   5
   e - Dispel Undead                  Necromancy                   5
 R - a book of Changes

   Spells                             Type                      Level
   a - Beastly Appendage              Transmutation                1
   b - Sticks to Snakes               Transmutation                2
   c - Spider Form                    Transmutation/Poison         3
   d - Ice Form                       Ice/Transmutation            4
   e - Blade Hands                    Transmutation                5


   Skills:
 + Level 4.0 Fighting
 + Level 6.1 Short Blades
 + Level 1.0 Throwing
 + Level 2.4 Armour
 + Level 9.3 Dodging
 + Level 15.2 Stealth
 + Level 10.5 Spellcasting
 + Level 2.1 Conjurations
 + Level 14.7 Hexes
 + Level 5.3 Necromancy


You had 10 spell levels left.
You knew the following spells:

 Your Spells              Type           Power        Failure   Level  Hunger
a - Dazzling Spray        Conj/Hex       #####...     4%          3    None
b - Confuse               Hex            ######..     1%          3    None
c - Animate Skeleton      Necr           N/A          4%          1    None
d - Enslavement           Hex            ######..     2%          4    ###....
e - Tukima's Dance        Hex            ######..     1%          3    None
f - Vampiric Draining     Necr           ####......   10%         3    None
g - Invisibility          Hex            ######..     12%         6    ######.


Dungeon Overview and Level Annotations

Branches:
Dungeon (12/15)            Temple (1/1) D:4            Lair (0/8) D:11
    Orc (4/4) D:9             Elf (0/3) Orc:3

Altars:
Ashenzari
Cheibriados
Dithmenos
Elyvilon
Fedhas
Gozag
Kikubaaqudgha
Makhleb
Nemelex Xobeh
Okawaru
Qazlal
Ru
Sif Muna
Trog
Vehumet
Xom
Yredelemnul
Zin
The Shining One
Beogh

Shops:
D:6 ?   D:8 (   D:10 !   Orc:1 ?   Orc:2 (   Orc:4 =%%%%


Innate Abilities, Weirdness & Mutations

You heal slowly.
You can bottle blood from corpses.
((You have razor-sharp teeth.))
You have supernaturally acute eyesight.
((You can survive without breathing.))
Your magical capacity is low (-10% MP).


Message History

Your +2 vampiric dagger melds into your body.
Your +2 cloak melds into your body.
Your +1 helmet melds into your body.
Your +0 mottled dragon armour melds into your body.
Your ring of teleport control melds into your body.
Your +3 ring of strength melds into your body.
You feel your glee subside.
You feel weaker.
The rust devil disappears in a puff of smoke!
The raven barely misses you. The raven completely misses you.
The raven misses you. The raven closely misses you.
You feel uncertain. The raven completely misses you. x2
There is an escape hatch in the ceiling here.
The raven completely misses you. The raven misses you.
The raven completely misses you. The raven misses you.
You fly upwards.
The hatch slams shut behind you. The raven completely misses you. x2
The raven pecks you!
You die...
Kikubaaqudgha rasps: "You have failed me!
Welcome... oblivion!"

######### #####
Z.......## #...#
##.......####...#
#...............#
#.........##....#
#.........###...#
##.......## #...##
##.......# #..b.#
###..##.###...b#
##.##...####.# ###
#.####..# #.# ##.###.#
##.# #.# #...##.# #)#
#.# ..#.##.# #.# #.# ###
###....#####.###.#####.#
####...................#
.....#.#####.###<#####.#


You could see a raven.

Vanquished Creatures
  An orc warlord (Orc:3)
  A stone giant (Orc:3)
  A tengu warrior (D:12)
  3 orc high priests
  5 orc knights (Orc:4)
  4 orc sorcerers
  A griffon (D:11)
  A cyclops (Orc:4)
  6 slime creatures
  Maurice (Orc:1)
  Joseph (D:8)
  An orange demon (D:12)
  2 kobold demonologists (D:12)
  A centaur skeleton (D:7)
  A komodo dragon (D:10)
  A hellwing (Orc:3)
  2 trolls
  A two-headed ogre (D:11)
  Prince Ribbit (Orc:1)
  3 ravens (D:12)
  A shadow (D:11)
  A trapdoor spider (D:10)
  A deep elf mage (D:7)
  3 yaks (D:9)
  2 hippogriffs
  2 hungry ghosts (D:7)
  A mottled dragon (D:11)
  7 wargs
  A soldier ant (D:9)
  25 orc warriors
  A spider (D:9)
  A centaur (D:9)
  9 ogres
  2 eyes of draining
  3 ice beasts
  A sky beast (D:10)
  6 black bears
  A boring beetle (D:9)
  A crocodile (D:10)
  A big kobold (D:8)
  A brain worm (D:9)
  Blork the orc (Orc:1)
  14 giant frogs
  3 gnoll sergeants
  2 wyvern zombies
  6 killer bees
  A scorpion (D:7)
  7 wights
  A quasit (D:7)
  4 jellies
  4 hounds
  2 goliath beetles
  5 crimson imps
  3 iguanas
  4 giant frog skeletons
  27 orc priests
  2 gnoll shamans
  2 centaur zombies
  An elf zombie (Orc:3)
  32 orc wizards
  7 worker ants
  2 hound skeletons
  11 gnolls
  13 adders
  2 shadow imps
  5 worms
  2 adder skeletons
  A giant gecko (D:9)
  165 orcs
  2 ball pythons
  4 giant cockroaches
  13 hobgoblins
  17 bats
  2 giant gecko skeletons
  3 giant newts
  16 goblins
  A goblin zombie (Orc:3)
  11 jackals
  33 kobolds
  5 orc skeletons
  2 orc zombies
  6 quokkas
  14 rats
567 creatures vanquished.

Vanquished Creatures (collateral kills)
  An orc high priest (Orc:4)
  A deep elf priest (Orc:3)
  A deep elf mage (Orc:3)
  A hippogriff (D:10)
  A deep elf fighter (Orc:3)
  A water moccasin (D:12)
  4 ogres
  A giant frog (D:6)
  A big kobold (D:8)
  A jelly (D:8)
  A wight (D:6)
  A water moccasin skeleton (D:8)
  2 killer bees
  4 orc priests
  An elf zombie (Orc:3)
  10 orc wizards
  A quasit (D:12)
  A worker ant (D:10)
  A hound skeleton (D:9)
  3 gnolls
  41 orcs
  A hobgoblin (D:10)
  A kobold (D:10)
  A jackal skeleton (D:8)
82 creatures vanquished.

Vanquished Creatures (others)
  A deep elf priest (Orc:3)
  A stone giant skeleton (Orc:3)
  The ghost of SirDieALot the Conjurer, an experienced DECj of Sif Muna (D:5)
  2 yaks (D:9)
  5 orc warriors
  2 fulminant prisms (D:5)
  A water moccasin skeleton (D:12)
  3 warg skeletons
  A yak skeleton (D:9)
  A troll skeleton (D:12)
  2 orc priests (Orc:4)
  A giant frog skeleton (D:8)
  4 orc wizards
  A black bear skeleton (D:11)
  2 big kobold skeletons (D:8)
  An ogre skeleton (D:9)
  A mottled dragon skeleton (D:11)
  2 gnolls
  A gnoll skeleton (D:9)
  An adder skeleton (D:12)
  25 orc skeletons
  6 orcs
  A goblin skeleton (Orc:4)
  4 kobold skeletons
  A quokka skeleton (D:8)
71 creatures vanquished.

Grand Total: 720 creatures vanquished

Notes
Turn   | Place    | Note
--------------------------------------------------------------
     0 | D:1      | maniek23, the Vampire Enchanter, began the quest for the Orb.
     0 | D:1      | Reached XP level 1. HP: 13/13 MP: 3/3
   284 | D:1      | Reached XP level 2. HP: 19/19 MP: 4/4
  1062 | D:2      | Reached skill level 5 in Hexes
  1171 | D:2      | Found a sparkling altar of Nemelex Xobeh.
  1203 | D:2      | Reached skill level 5 in Stealth
  1203 | D:2      | Reached XP level 3. HP: 11/24 MP: 4/6
  1320 | D:2      | Learned a level 3 spell: Confuse
  1974 | D:3      | Reached XP level 4. HP: 21/30 MP: 4/8
  2348 | D:3      | Reached skill level 6 in Stealth
  2529 | D:3      | Reached XP level 5. HP: 36/36 MP: 2/9
  2600 | D:3      | Found a basalt altar of Yredelemnul.
  2607 | D:3      | Found a shimmering altar of Xom.
  2653 | D:3      | Reached skill level 1 in Fighting
  3004 | D:3      | Reached XP level 6. HP: 43/43 MP: 7/12
  3513 | D:4      | Learned a level 3 spell: Dazzling Spray
  3597 | D:4      | Found a staircase to the Ecumenical Temple.
  3604 | D:4      | Reached skill level 7 in Stealth
  3617 | Temple   | Entered the Ecumenical Temple
  3805 | Temple   | Became a worshipper of Kikubaaqudgha
  3966 | D:4      | Reached XP level 7. HP: 24/48 MP: 6/15
  4685 | D:5      | Entered Level 5 of the Dungeon
  4893 | D:5      | Noticed SirDieALot's ghost (experienced DECj)
  4907 | D:5      | Killed SirDieALot's ghost
  5389 | D:6      | Reached skill level 8 in Hexes
  5389 | D:6      | Reached XP level 8. HP: 55/55 MP: 9/18
  5394 | D:6      | Acquired Kikubaaqudgha's first power
  5394 | D:6      | Received a gift from Kikubaaqudgha
  5394 | D:6      | Reached skill level 5 in Dodging
  5412 | D:6      | Identified Kikubaaqudgha's Collected Works on Sinister Rites (Kikubaaqudgha gifted it to you on level 6 of the Dungeon)
  5415 | D:6      | Learned a level 1 spell: Animate Skeleton
  5420 | D:6      | Learned a level 4 spell: Enslavement
  5427 | D:6      | Found Clius' Magic Scroll Shoppe.
  5449 | D:6      | Bought a scroll of identify for 22 gold pieces
  5449 | D:6      | Bought a scroll of identify for 22 gold pieces
  5449 | D:6      | Bought a scroll of identify for 22 gold pieces
  5449 | D:6      | Bought a scroll of identify for 22 gold pieces
  5449 | D:6      | Bought a scroll of identify for 22 gold pieces
  5452 | D:6      | Gained mutation: You have a pair of small horns on your head. [potion of beneficial mutation]
  5593 | D:6      | Reached skill level 5 in Spellcasting
  5934 | D:6      | Reached skill level 9 in Hexes
  6178 | D:6      | Found a radiant altar of Vehumet.
  6210 | D:6      | Reached XP level 9. HP: 54/61 MP: 16/21
  6406 | D:6      | Gained mutation: Armour fits poorly on your strangely shaped body. [potion of mutation]
  6406 | D:6      | Gained mutation: You are agile. (Dex +2) [potion of mutation]
  6407 | D:6      | Lost mutation: Armour fits poorly on your strangely shaped body. [potion of cure mutation]
  6407 | D:6      | Lost mutation: You are agile. (Dex +2) [potion of cure mutation]
  6407 | D:6      | Lost mutation: You have a pair of small horns on your head. [potion of cure mutation]
  6649 | D:7      | Noticed a centaur skeleton
  6661 | D:7      | Killed a centaur skeleton
  6661 | D:7      | Reached skill level 10 in Stealth
  6719 | D:7      | Acquired Kikubaaqudgha's second power
  6783 | D:7      | Reached skill level 10 in Hexes
  7507 | D:8      | Reached skill level 11 in Stealth
  7514 | D:8      | Reached XP level 10. HP: 59/68 MP: 8/24
  7519 | D:8      | Noticed Joseph
  7522 | D:8      | Killed Joseph
  7522 | D:8      | Reached skill level 1 in Conjurations
  7735 | D:8      | Found a stormy altar of Qazlal.
  7765 | D:8      | Identified a scroll of acquirement
  7772 | D:8      | Learned a level 3 spell: Tukima's Dance
  7776 | D:8      | Learned a level 3 spell: Vampiric Draining
  7901 | D:8      | Reached skill level 1 in Necromancy
  7916 | D:8      | Received a gift from Kikubaaqudgha
  7929 | D:8      | Identified Kikubaaqudgha's Compendium of Stolen Souls (Kikubaaqudgha gifted it to you on level 8 of the Dungeon)
  8328 | D:8      | Found Sucih's Antique Weapon Emporium.
  8638 | D:8      | Reached skill level 12 in Stealth
  8852 | D:9      | Reached skill level 5 in Short Blades
  9634 | D:9      | Acquired Kikubaaqudgha's third power
  9660 | D:9      | Found a staircase to the Orcish Mines.
  9674 | D:9      | Found a roughly hewn altar of Beogh.
 10017 | D:9      | Reached XP level 11. HP: 74/74 MP: 23/27
 10324 | D:10     | Entered Level 10 of the Dungeon
 10501 | D:10     | Acquired Kikubaaqudgha's fourth power
 10595 | D:10     | Found Kuoduap's Distillery.
 10766 | D:10     | Learned a level 6 spell: Invisibility
 10957 | D:11     | Reached skill level 13 in Stealth
 11001 | D:11     | Found a staircase to the Lair.
 11664 | Orc:1    | Entered Level 1 of the Orcish Mines
 11841 | Orc:1    | Noticed Blork the orc
 11850 | Orc:1    | Killed Blork the orc
 11867 | Orc:1    | Found Hadadgh's Magic Scroll Boutique.
 11877 | Orc:1    | Bought a scroll of blinking for 97 gold pieces
 11877 | Orc:1    | Bought a scroll of identify for 26 gold pieces
 11993 | Orc:1    | Noticed Maurice
 12000 | Orc:1    | Noticed Prince Ribbit
 12004 | Orc:1    | Killed Maurice
 12009 | Orc:1    | Killed Prince Ribbit
 13044 | Orc:2    | Found Traro's Antique Weapon Shoppe.
 13239 | Orc:3    | Found a staircase to the Elven Halls.
 13275 | Orc:3    | Found a burning altar of Makhleb.
 13277 | Orc:3    | Noticed a stone giant
 13285 | Orc:3    | Killed a stone giant
 13285 | Orc:3    | Reached skill level 1 in Throwing
 13764 | Orc:3    | Noticed an orc warlord
 13765 | Orc:3    | Noticed an orc high priest
 13784 | Orc:3    | Noticed a sun demon
 13784 | Orc:3    | Killed an orc warlord
 13784 | Orc:3    | Reached skill level 14 in Stealth
 13784 | Orc:3    | Reached XP level 12. HP: 81/81 MP: 5/29
 14108 | Orc:3    | Killed an orc high priest
 14300 | Orc:4    | Entered Level 4 of the Orcish Mines
 14407 | Orc:4    | Found Aloiluk's Food Shop.
 14407 | Orc:4    | Found Nyucolu's Jewellery Emporium.
 14407 | Orc:4    | Found Wenwefa's Food Shop.
 14407 | Orc:4    | Found Xuomuf's Food Emporium.
 14411 | Orc:4    | Found a shimmering altar of Xom.
 14450 | Orc:4    | Gained mutation: Your magical capacity is low (-10% MP). [mutagenic glow]
 14702 | Orc:4    | Found Ishrafrott's Food Shoppe.
 15432 | Orc:4    | HP: 3/81 [orc knight/war axe (22)]
 16108 | Orc:4    | Reached skill level 1 in Armour
 17012 | Orc:4    | Reached skill level 10 in Spellcasting
 17477 | Orc:4    | Bought an uncursed ring of teleport control for 750 gold pieces
 18142 | Orc:4    | Reached skill level 5 in Necromancy
 18717 | D:12     | Reached skill level 15 in Stealth
 19155 | D:12     | Reached XP level 13. HP: 88/88 MP: 16/27
 19196 | D:11     | Slain by a raven

Action                   |  1- 3 |  4- 6 |  7- 9 | 10-12 | 13-15 || total
-------------------------+-------+-------+-------+-------+-------++-------
Melee: Dagger            |   111 |   128 |   307 |  1082 |     5 ||  1633
       Hand axe          |     8 |       |       |       |       ||     8
       Morningstar       |       |     2 |       |       |       ||     2
Throw: Javelin           |       |     3 |     2 |    14 |       ||    19
 Cast: Corona            |     4 |       |       |       |       ||     4
       Confuse           |     4 |    25 |    46 |   149 |     1 ||   225
       Dazzling Spray    |       |       |    14 |   104 |     3 ||   121
       Animate Skeleton  |       |       |     3 |    63 |       ||    66
       Enslavement       |       |       |     1 |    33 |       ||    34
       Vampiric Draining |       |       |       |    14 |       ||    14
       Tukima's Dance    |       |       |       |     1 |       ||     1
       Invisibility      |       |       |       |     5 |       ||     5
Invok: Torment           |       |       |       |     6 |     1 ||     7
       Receive Corpses   |       |       |       |     2 |       ||     2
 Abil: Bat Form          |       |     2 |     1 |     9 |     1 ||    13
       End Transformatio |       |     2 |     1 |     9 |       ||    12
       Evoke Teleport Co |       |       |       |       |     1 ||     1
Evoke: Wand              |       |       |       |     1 |       ||     1
  Use: Potion            |       |     3 |     7 |     6 |       ||    16
       Scroll            |       |     9 |    15 |    19 |       ||    43
 Stab: Sleeping          |    11 |     7 |    12 |    65 |       ||    95
       Distracted        |     1 |       |       |     5 |       ||     6
       Confused          |     1 |     9 |    24 |    71 |     1 ||   106
       Invisible         |       |       |     1 |    19 |       ||    20
  Eat: Corpse            |     1 |     2 |     5 |     2 |       ||    10
